 Dungeon Sprint DCSS version 0.30.1-9-gdf580d7c3d (webtiles) character file.

Game seed: 17420775869720694858

876 Heoruswealwe the Spear-Bearer (level 7, 0/73 HPs)
             Began as a Minotaur Fighter on Oct 19, 2023.
             Was an Initiate of Gozag.
             Slain by a skeletal warrior
             ... wielding a +0 morningstar
              (16 damage)
             ... in the Dungeon (Sprint IX: "|||||||||||||||||||||||||||||").
             The game lasted 00:03:39 (256 turns).

Heoruswealwe the Spear-Bearer (Minotaur Fighter)     Turns: 256, Time: 00:03:39

Health: 0/73       AC: 16    Str: 23    XL:     7   Next: 74%
Magic:  6/6        EV:  8    Int:  5    God:    Gozag
Gold:   549        SH:  4    Dex:  9    Spells: 6/6 levels left

rFire   . . .        a - +16 obsidian axe {drain, demonic, Mesm Drain Fly SInv}
rCold   . . .        d - +0 buckler
rNeg    . . .        c - +1 chain mail
rPois   .            (helmet restricted)
rElec   .            (no cloak)
rCorr   .            f - +0 pair of gloves
SInv    +            (no boots)
Will    .....        (no amulet) Stlth
                     k - +2 ring of protection
HPRegen 0.32/turn    (no ring)
MPRegen 0.10/turn

%: no teleportation
@: flying, mesmerised
A: horns 2, retaliatory headbutt
a: Renounce Religion, Potion Petition, Call Merchant, Bribe Branch


You were in the Dungeon.
You worshipped Gozag.
Gozag was pleased with you.
You visited 1 branch You collected 549 gold pieces.

Inventory:

Hand Weapons
 a - the +16 obsidian axe (weapon) {drain, demonic, Mesm Drain Fly SInv}
   (You found it in the Dungeon)

   Mesm:      Its wielder is mesmerised by any visible foes, and it cannot be
   unequipped while any foes are visible.
   SInv:      It lets you see invisible.
   Fly:       It grants you flight.
   Drain:     It drains your maximum health when unequipped.
 b - a +2 halberd of venom
Armour
 c - a +1 chain mail (worn)
 d - a +0 buckler (worn)
 f - a +0 pair of gloves (worn)
Jewellery
 k - a +2 ring of protection (left hand)
Wands
 h - a wand of acid (10)
Scrolls
 j - 2 scrolls of blinking
Potions
 e - 5 potions of curing
 g - a potion of haste
 i - a potion of berserk rage
 l - 3 potions of heal wounds
 m - a potion of might


   Skills:
 + Level 10.9 Fighting
 * Level 0.0(9.2) Axes
 - Level 14.4 Polearms
 + Level 10.8 Armour
 - Level 3.6 Shields


You had 6 spell levels left.
You didn't know any spells.
Your spell library was empty.

Dungeon Overview and Level Annotations

Branches:
Dungeon (1/1)

Altars:
Cheibriados
Dithmenos
Elyvilon
Fedhas
Gozag
Hepliaklqana
Kikubaaqudgha
Makhleb
Nemelex Xobeh
Okawaru
Qazlal
Ru
Sif Muna
Trog
Uskayaw
Vehumet
Wu Jian
Xom
Yredelemnul
Zin
The Shining One
Jiyva
Lugonu


Innate Abilities, Weirdness & Mutations

You have a pair of horns on your head.
You reflexively headbutt those who attack you in melee.


Message History

You reach down and open the door.
A komodo dragon, a green ugly thing, an orc wizard, a wraith, a troll and a skeletal warrior come into view.
Visions of slaying the skeletal warrior flood into your mind.
The komodo dragon hisses angrily.
The green ugly thing gurgles horribly!
The orc wizard shouts!
The troll shouts!
You slash the skeletal warrior!
The skeletal warrior is moderately damaged.
The skeletal warrior hits you with a +0 morningstar!!
You barely miss the skeletal warrior.
You headbutt the skeletal warrior, but do no damage.
The skeletal warrior is lightly damaged.
The skeletal warrior hits you but does no damage.
The skeletal warrior hits you with a +0 morningstar!
You slash the skeletal warrior! You open a gate to Pandemonium!
A demon appears!
The skeletal warrior is moderately damaged.
The skeletal warrior hits you but does no damage.
The orc wizard gestures wildly while chanting.
The orc wizard flickers and vanishes for a moment.
You hit the skeletal warrior but do no damage.
The skeletal warrior is moderately damaged.
The skeletal warrior hits you with a +0 morningstar!!
* * * LOW HITPOINT WARNING * * *
You slash the skeletal warrior!
The skeletal warrior is heavily damaged.
The skeletal warrior hits you but does no damage.
You slice the skeletal warrior!! You open a gate to Pandemonium!
A demon appears!
You headbutt the skeletal warrior, but do no damage.
The skeletal warrior is severely damaged.
The skeletal warrior closely misses you.
You hit the skeletal warrior.
Your headbutt misses the skeletal warrior.
The skeletal warrior is almost destroyed.
You block the skeletal warrior's attack.
You hit the skeletal warrior.
The skeletal warrior is almost destroyed.
The skeletal warrior hits you with a +0 morningstar!
You die...
Your body crumbles into a pile of gold.

▓.▓
▓l▓
▓o▓
▓W▓
▓u▓
▓T▓
▓z▓
▓@▓
$
▓3▓
$
▓4▓
$ $
▓.▓
$
▓)▓
$
▓[▓
▓'▓
$
▓.▓
$
▓.▓
$


You could see a green ugly thing, a skeletal warrior (mesmerising, ally target),
a komodo dragon, a troll, a wraith, an orc wizard (invisible), a friendly sun
demon (summoned) and a friendly chaos spawn (summoned).

Vanquished Creatures
  A wraith (D)
  2 yaks (D)
  A steam dragon (D)
  A centaur (D)
  2 phantoms (D)
  A howler monkey (D)
  2 orc wizards (D)
  An adder (D)
  A bat (D)
  An endoplasm (D)
  A hobgoblin (D)
  A kobold (D)
  A rat (D)
16 creatures vanquished.

Notes
Turn   | Place    | Note
-------+----------+-------------------------------------------
     0 | D        | Heoruswealwe the Minotaur Fighter began the quest for the
                  | Orb.
     0 | D        | Reached XP level 1. HP: 19/19 MP: 0/0
    11 | D        | Reached skill level 3 in Polearms
    24 | D        | Noticed a phantom
    24 | D        | Noticed a phantom
    24 | D        | Noticed a centaur
    24 | D        | Noticed a howler monkey
    31 | D        | Reached skill level 4 in Polearms
    31 | D        | Reached XP level 2. HP: 28/28 MP: 1/1
    36 | D        | Killed a howler monkey
    37 | D        | Reached skill level 5 in Fighting
    37 | D        | Reached skill level 6 in Polearms
    37 | D        | Reached skill level 5 in Armour
    37 | D        | Reached XP level 3. HP: 33/37 MP: 2/2
    41 | D        | Killed a centaur
    42 | D        | Reached skill level 8 in Polearms
    42 | D        | Reached XP level 4. HP: 34/45 MP: 3/3
    47 | D        | Killed a phantom
    48 | D        | Reached skill level 10 in Polearms
    48 | D        | Reached XP level 5. HP: 39/53 MP: 4/4
    59 | D        | Killed a phantom
    60 | D        | Reached XP level 6. HP: 41/62 MP: 5/5
    66 | D        | Found a snail-covered altar of Cheibriados.
    66 | D        | Found a shadowy altar of Dithmenos.
    66 | D        | Found a white marble altar of Elyvilon.
    66 | D        | Found a blossoming altar of Fedhas.
    66 | D        | Found an opulent altar of Gozag.
    67 | D        | Found a hazy altar of Hepliaklqana.
    68 | D        | Found a viscous altar of Jiyva.
    69 | D        | Found an ancient bone altar of Kikubaaqudgha.
    70 | D        | Found a corrupted altar of Lugonu.
    71 | D        | Found a burning altar of Makhleb.
    72 | D        | Found a sparkling altar of Nemelex Xobeh.
    73 | D        | Found an iron altar of Okawaru.
    74 | D        | Became a worshipper of Gozag Ym Sagoz the Greedy
    75 | D        | Found a stormy altar of Qazlal.
    76 | D        | Found a sacrificial altar of Ru.
    77 | D        | Found a shimmering blue altar of Sif Muna.
    78 | D        | Found a bloodstained altar of Trog.
    79 | D        | Found a hide-covered altar of Uskayaw.
    80 | D        | Found a radiant altar of Vehumet.
    81 | D        | Found an ornate altar of the Wu Jian Council.
    82 | D        | Found a shimmering altar of Xom.
    83 | D        | Found a basalt altar of Yredelemnul.
    84 | D        | Found a glowing silver altar of Zin.
    85 | D        | Found a glowing golden altar of the Shining One.
    93 | D        | Found the +16 obsidian axe {drain, demonic, Mesm Drain Fly
                  | SInv}
   152 | D        | Noticed a steam dragon
   152 | D        | Noticed a wraith
   152 | D        | Noticed a yak
   152 | D        | Noticed a yak
   154 | D        | Killed a yak
   155 | D        | Reached skill level 12 in Polearms
   161 | D        | Killed a yak
   162 | D        | Reached skill level 10 in Fighting
   162 | D        | Reached skill level 13 in Polearms
   162 | D        | Reached XP level 7. HP: 66/72 MP: 6/6
   164 | D        | Reached skill level 10 in Armour
   167 | D        | Killed a wraith
   168 | D        | Reached skill level 14 in Polearms
   169 | D        | Killed a steam dragon
   248 | D        | Noticed a komodo dragon
   248 | D        | Noticed a green ugly thing
   248 | D        | Noticed a wraith
   248 | D        | Noticed a troll
   248 | D        | Noticed a skeletal warrior
   256 | D        | Slain by a skeletal warrior

Illustrated notes

Levels and vault maps discovered:
D:        linesprint [early_d, line_temple, items_1, d_10, items_2, lair_1,
          lair_end, items_3, orc_1, orc_end, items_4, d_15, swamp_1, shoals_1,
          snake_1, spider_1, d_20, vaults_1, items_5, swamp_end, shoals_end,
          snake_end, spider_end, vaults_end, d_27, items_6, zot_1, zot_end,
          crypt_end, forest_end, elf_end, slime_end, tomb_end, abyss_end,
          pan_hell_end]

Skill      XL: |  1  2  3  4  5  6  7 |
---------------+----------------------+-----
Polearms       | 4 6 8 10 13 14 | 14.4
Fighting       | 4 5 6 7 8 10 | 10.9
Armour         | 4 5 6 7 8 9 10 | 10.8
Shields        | |  3.6

Action                     |  1- 3 |  4- 6 |  7- 9 || total
---------------------------+-------+-------+-------++-------
  Melee: Trident           |    27 |    17 |       ||    44
         Headbutt          |     2 |     3 |     3 ||     8
         Broad axe         |       |     7 |    15 ||    22
 Armour: Scale mail        |    15 |     3 |       ||    18
         Chain mail        |       |     2 |     8 ||    10
  Dodge: Dodged            |    16 |     5 |     1 ||    22
  Block: Buckler           |     3 |     3 |     1 ||     7
